 Dungeon Crawl Stone Soup version 0.32-a0-128-g77eb882913 (webtiles) character file.

Game seed: 18237586308795694869

491 Ge0ff the Poker (level 6, -2/47 HPs)
             Began as a Mummy Reaver on Feb 8, 2024.
             Slain by an ufetubus (3 damage)
             ... on level 5 of the Dungeon.
             The game lasted 00:08:47 (3286 turns).

Ge0ff the Poker (Mummy Reaver)                      Turns: 3286, Time: 00:08:47

Health: -2/47      AC:  4    Str: 17    XL:     6   Next: 91%
Magic:  21/21      EV: 11    Int: 21    God:
Gold:   130        SH:  0    Dex: 10    Spells: 7/13 levels left

rFire   . . .        a - +0 spear
rCold   . . .        (no shield)
rNeg    + + +        l - +1 robe {Will+}
rPois   ∞            (no helmet)
rElec   .            (no cloak)
rCorr   .            j - +0 pair of gloves
SInv    .            (no boots)
Will    +....        (no amulet)
Stlth   +            o - ring of Ehiec {rN++ MP+9 Int+3}
HPRegen 0.27/turn    G - ring "Baliog" {Fire rN+ Int+5}
MPRegen 0.17/turn

%: faith
@: no status effects
A: cold resistance 1, negative energy resistance 3, torment resistance 2, heat
vulnerability 1, in touch with death 1, no potions, faith
a: no special abilities


You were on level 5 of the Dungeon.
You visited 1 branch of the dungeon, and saw 4 of its levels.

You collected 130 gold pieces.

Inventory:

Hand Weapons
 a - a +0 spear (weapon)
 b - a +2 dagger of draining
 k - a +0 orcbow
 m - a +0 scythe
 D - a +0 flail
 H - a +1 sling of freezing
Missiles
 d - 28 stones (quivered)
 e - 5 poisoned darts
 g - 8 boomerangs
Armour
 j - a +0 pair of gloves (worn)
 l - a +1 robe of willpower (worn)
 J - a +0 chain mail
Magical Staves
 K - a staff of conjuration
Jewellery
 o - the ring of Ehiec (left hand) {rN++ MP+9 Int+3}
   (You found it on level 2 of the Dungeon)

   [ring of magical power]

   Int+3:     It affects your intelligence (+3).
   rN++:      It greatly protects you from negative energy.
   MP+9:      It affects your magic capacity (+9).
 G - the ring "Baliog" (right hand) {Fire rN+ Int+5}
   (You found it on level 3 of the Dungeon)

   [ring of fire]

   Fire:      It enhances your fire magic.
   Int+5:     It affects your intelligence (+5).
   rF+:       It protects you from fire.
   rC-:       It makes you vulnerable to cold.
   rN+:       It protects you from negative energy.
Scrolls
 C - a scroll of poison
 E - a scroll of revelation {unknown}
 F - a scroll of brand weapon {unknown}


   Skills:
 - Level 3.0 Fighting
 - Level 5.0 Polearms
 - Level 1.5 Dodging
 + Level 4.1 Spellcasting
 - Level 2.4 Conjurations
 + Level 2.2 Necromancy
 + Level 1.8 Earth Magic


You had 7 spell levels left.
You knew the following spells:

 Your Spells              Type           Power      Damage    Failure   Level
k - Borgnjor's Vile Clut  Necr/Erth      9%         N/A       82%         5
E - Kiss of Death         Conj/Necr      84%        2d11      4%          1

Your spell library contained the following spells:

 Spells                   Type           Power      Damage    Failure   Level
 Momentum Strike          Conj/Tloc      18%        3d8       11%         2
 Hailstorm                Conj/Ice       9%         3d6       22%         3
 Alistair's Intoxication  Alch           2%         N/A       97%         5
 Eringya's Noxious Bog    Alch           2%         4d6       100%        6


Dungeon Overview and Level Annotations

Branches:
Dungeon (3/15) Zot: 20749

Altars:
Ru
Uskayaw

Shops:
D:1 *:


Innate Abilities, Weirdness & Mutations

You are immune to poison.
Your flesh is cold resistant. (rC+)
You are immune to negative energy. (rN+++)
You are immune to unholy pain and torment.
You are vulnerable to heat. (rF-)
You are in touch with the powers of death.
You do not drink.
You have a special connection with the divine. (Faith)


Message History

You hit the phantom.
The phantom is severely damaged.
You miss the phantom.
The phantom is severely damaged.
The phantom hits you.
* * * LOW HITPOINT WARNING * * *
You hit the phantom but do no damage.
The phantom is severely damaged.
The phantom closely misses you.
You hit the phantom.
The phantom is severely damaged.
The phantom misses you.
You hit the phantom.
The phantom is almost destroyed.
The ufetubus closely misses you. The ufetubus hits you.
* * * LOW HITPOINT WARNING * * *
The phantom hits you but does no damage.
You miss the phantom.
The phantom is almost destroyed.
The ufetubus slips past you!
The ufetubus hits you but does no damage.
The ufetubus closely misses you.
The phantom hits you but does no damage.
You barely miss the phantom.
The phantom is almost destroyed.
The ufetubus hits you.
* * * LOW HITPOINT WARNING * * *
The ufetubus barely misses you. The phantom hits you.
* * * LOW HITPOINT WARNING * * *
The phantom blinks!
You blink.
You barely miss the phantom.
The phantom is almost destroyed.
You hit the phantom.
The phantom is almost destroyed.
The phantom hits you but does no damage.
You closely miss the phantom.
The phantom is almost destroyed.
The phantom closely misses you. The ufetubus barely misses you. x2
You closely miss the phantom.
The phantom is almost destroyed.
The ufetubus hits you but does no damage.
The ufetubus hits you.
* * * LOW HITPOINT WARNING * * *
The phantom closely misses you.
You hit the phantom.
You destroy the phantom!
The ufetubus misses you.
The ufetubus hits you but does no damage.
The ufetubus completely misses you. The ufetubus hits you.
You die...

#.....##.......#
#.....##.......#
#.....##.......#
#.....##.......##
############....#
#.....##.#
#.....# ..
#.....#####.#
#@........# #
#.5...###.#
#.......#
##'#'##.# #.#.#
.# #.#.##.#
#.#....#
####'#.####.#
#.....<.....#


You could see an ufetubus.

Vanquished Creatures
  Sigmund (D:2)
  A phantom (D:5)
  A scorpion (D:5)
  A hound (D:5)
  An iguana (D:5)
  An orc wizard (D:3)
  A gnoll (D:1)
  2 adders (D:5)
  An ufetubus (D:5)
  An adder skeleton (D:2)
  An adder zombie (D:2)
  A dart slug (D:2)
  A ribbon worm (D:2)
  8 orcs (D:3)
  A bat skeleton (D:2)
  4 endoplasms
  2 giant cockroaches (D:1)
  4 hobgoblins
  7 kobolds
  5 quokkas
  4 ball pythons
  6 bats
  3 frilled lizards
  4 goblins
  7 rats
69 creatures vanquished.

Vanquished Creatures (collateral kills)
  A phantom (D:5)
1 creature vanquished.

Grand Total: 70 creatures vanquished

Notes
Turn   | Place    | Note
-------+----------+-------------------------------------------
     0 | D:1      | Ge0ff the Mummy Reaver began the quest for the Orb.
     0 | D:1      | Reached XP level 1. HP: 16/16 MP: 4/4
    65 | D:1      | Found a faded altar of an unknown god.
    89 | D:1      | Prayed at the altar of an unknown god.
    89 | D:1      | Became a worshipper of Ru the Awakened
   100 | D:1      | Fell from the grace of Ru
   162 | D:1      | Reached XP level 2. HP: 22/22 MP: 5/5
   175 | D:1      | Reached skill level 3 in Polearms
   388 | D:1      | Reached XP level 3. HP: 18/26 MP: 5/7
   497 | D:1      | Found Irueza Vuicu's Book Shoppe.
   526 | D:1      | Found Aluh's Assorted Antiques.
  1295 | D:2      | Noticed Sigmund
  1527 | D:2      | Killed Sigmund
  1528 | D:2      | Reached skill level 4 in Polearms
  1528 | D:2      | Reached XP level 4. HP: 6/35 MP: 2/8
  1528 | D:2      | Reached XP level 5. HP: 7/41 MP: 2/9
  1709 | D:2      | Identified the ring of Ehiec {rN++ MP+9 Int+3}
  1774 | D:2      | Learned a level 5 spell: Borgnjor's Vile Clutch
  2023 | D:2      | Found a hide-covered altar of Uskayaw.
  2368 | D:3      | Identified the ring "Baliog" {Fire rN+ Int+5}
  2411 | D:3      | Reached skill level 5 in Polearms
  2621 | D:3      | Reached XP level 6. HP: 31/47 MP: 10/10
  2765 | D:3      | You fall into a shaft and drop 2 floors!
  2765 | D:5      | Entered Level 5 of the Dungeon
  2784 | D:5      | Reached skill level 1 in Necromancy
  2806 | D:5      | Reached skill level 1 in Earth Magic
  2983 | D:5      | Identified the +0 plate armour of Haakir {Rampage Int+3}
  3281 | D:5      | HP: 2/47 [phantom (2)]
  3286 | D:5      | Slain by an ufetubus

Illustrated notes

Levels and vault maps discovered:
D:1:      shiori_shiawase, layout_loops_ring,
          shapermc_ecumenical_altar_mp_highgroup, serial_shops, shop, shop,
          minmay_box_of_dots
D:2:      layout_loops_cross, serial_undead, serial_undead_d, serial_undead_a,
          serial_undead_f, serial_undead_c, basic_altar, uniq_sigmund
D:3:      minmay_goblin_kobold_castle, layout_basic, kennysheep_generic_room_7
D:5:      layout_basic

Skill      XL: |  1  2  3  4  5  6 |
---------------+-------------------+-----
Polearms       | 3 4 5 |  5.0
Fighting       | 3 |  3.0
Spellcasting   | 3 4 |  4.1
Necromancy     | 2 |  2.2
Earth Magic    | 1 |  1.8
Dodging        | |  1.5
Conjurations   | |  2.4

Action                     |  1- 3 |  4- 6 || total
---------------------------+-------+-------++-------
  Melee: Spear             |   186 |   190 ||   376
         Punch             |     1 |     7 ||     8
         Dagger            |       |    14 ||    14
  Throw: Stone             |       |     4 ||     4
   Cast: Kiss of Death     |     5 |       ||     5
 Invoke: Renounce Religion |     1 |       ||     1
    Use: Scroll            |     4 |     2 ||     6
   Stab: Sleeping          |     1 |       ||     1
         Distracted        |       |     1 ||     1
 Armour: Leather armour    |    86 |       ||    86
         Robe              |       |   113 ||   113
  Dodge: Dodged            |    72 |    91 ||   163

Table legend: (Time is in decaauts)
 A = Elapsed time spent in this place.
 B = Non-inter-level travel time spent in this place.
 C = Inter-level travel time spent in this place.
 D = Time resting spent in this place.
 E = Time spent auto-exploring this place.
 F = Levels seen in this place.
 G = Mean time per level.
                   A        B        C        D        E       F      G
               +--------+--------+--------+--------+--------+-----+--------+
         Total |   3250 |   3144 |    106 |    345 |   1936 |   4 |  812.5 |
       Dungeon |   3250 |   3144 |    106 |    345 |   1936 |   4 |  812.5 |
               +--------+--------+--------+--------+--------+-----+--------+

Top non-repeatable levels by time:
     D:1: 1230 daAuts
     D:2: 1120 daAuts
     D:5: 508 daAuts
     D:3: 390 daAuts
